 Dungeon Crawl Stone Soup version 0.18.1-48-g4cf74bf (webtiles) character file.

103 GapingDragon the Changer (level 4, 0/21 HPs)
             Began as a Vine Stalker Transmuter on July 12, 2016.
             Succumbed to Terence's poison
             ... on level 3 of the Dungeon.
             The game lasted 00:03:14 (1403 turns).

GapingDragon the Changer (Vine Stalker Transmuter)  Turns: 1403, Time: 00:03:14

Health: 0/21       AC:  5    Str: 13    XL:     4   Next: 79%
Magic:  8/8        EV: 10    Int: 14    God:
Gold:   61         SH:  0    Dex: 14    Spells: 1 memorised, 4 levels left

rFire  . . .     SeeInvis .     f - +3 flail (venom)
rCold  . . .     Gourm    .     h - +0 ring mail
rNeg   . . .     Faith    .     (no shield)
rPois  .         Spirit   +     (no helmet)
rElec  .         Dismiss  .     (no cloak)
rCorr  .         Reflect  .     (no gloves)
SustAt .         Harm     .     (no boots)
MR     .....                    (no amulet)
Stlth  ..........               (no ring)
                                (no ring)

@: confused, lethally poisoned (0 -> -4), not resistant to hostile enchantments,
extremely unstealthy
A: fangs 2, regeneration 1, magic shield, antimagic bite, no device heal 3, rot
immunity
a: no special abilities


You were on level 3 of the Dungeon.
You were not hungry.

You visited 1 branch of the dungeon, and saw 3 of its levels.

You collected 61 gold pieces.

Inventory:

Hand Weapons
 f - a +3 flail of venom (weapon)
Missiles
 a - 21 arrows
Armour
 h - a +0 ring mail (worn)
Scrolls
 e - a scroll of teleportation
Books
 c - a book of Changes

   Spells                             Type                      Level
   a - Beastly Appendage              Transmutation                1
   b - Sticks to Snakes               Transmutation                2
   c - Spider Form                    Transmutation/Poison         3
   d - Ice Form                       Ice/Transmutation            4
   e - Blade Hands                    Transmutation                5
Miscellaneous
 j - a plain deck of destruction {drawn: 1}
Comestibles
 b - 3 chunks of flesh
 d - 2 bread rations
 g - a beef jerky


   Skills:
 - Level 0.8 Fighting
 - Level 1.5 Dodging
 - Level 3.0 Unarmed Combat
 - Level 2.1 Spellcasting
 + Level 4.8 Transmutations


You had 4 spell levels left.
You knew the following spells:

 Your Spells              Type           Power        Failure   Level  Hunger
a - Spider Form           Trmt/Pois      #.........   71%         3    ###....


Dungeon Overview and Level Annotations

Branches:
Dungeon (3/15)

Altars:
Nemelex Xobeh


Innate Abilities, Weirdness & Mutations

You have extremely sharp teeth.
Your natural rate of healing is unusually fast.
When hurt, damage is shared between your health and your magic reserves.
Your bite disrupts and absorbs the magic of your enemies.
Potions and wands cannot restore your health.
You are immune to rotting.


Message History

Things that are here:
a scale mail; 4 chunks of flesh; the human skeleton of Terence Eat which item? (? for menu, Esc to quit)
You can't eat that!
Okay, then.
Drink which item? (? for menu, Esc to quit)
Okay, then.
Drink which item? (? for menu, Esc to quit)
You are confused.
You feel invigorated.
* * * LOW HITPOINT WARNING * * *
You feel sick.
There is a lethal amount of poison in your body!
* * * LOW HITPOINT WARNING * * *
You feel sick.
* * * LOW HITPOINT WARNING * * *
You feel sick.
Things that are here:
a scale mail; 4 chunks of flesh; the human skeleton of Terence You die...

#... #...# #...#
...# ##...# #...#
##...# #@..# #.[.#
#...#
##.###############
#..............(.
#################


There were no monsters in sight!

Vanquished Creatures
  Terence (D:3)
  3 adders (D:2)
  2 worms
  2 orcs
  2 giant cockroaches
  5 goblins
  5 hobgoblins
  9 jackals
  A ball python (D:3)
  A bat (D:1)
  5 giant newts
  3 kobolds (D:2)
  3 rats
42 creatures vanquished.

Notes
Turn   | Place    | Note
--------------------------------------------------------------
     0 | D:1      | GapingDragon the Vine Stalker Transmuter began the quest for the Orb.
     0 | D:1      | Reached XP level 1. HP: 9/9 MP: 4/4
   290 | D:1      | Reached XP level 2. HP: 14/14 MP: 3/6
   309 | D:1      | Reached skill level 3 in Transmutations
   681 | D:2      | Reached XP level 3. HP: 17/17 MP: 7/7
   683 | D:2      | Found a faded altar to an unknown god.
   884 | D:2      | Learned a level 3 spell: Spider Form
   912 | D:2      | Reached skill level 4 in Transmutations
   913 | D:2      | Found a sparkling altar of Nemelex Xobeh.
   946 | D:2      | Reached XP level 4. HP: 18/21 MP: 5/8
  1380 | D:3      | Noticed Terence
  1395 | D:3      | Killed Terence
  1402 | D:3      | HP: 1/21 [poisoned by Terence]
  1403 | D:3      | Succumbed to Terence's poison

Skill      XL: |  1  2  3 |
---------------+----------+-----
Transmutations | 3 4 |  4.8
Fighting       | |  0.8
Dodging        | |  1.5
Unarmed Combat | |  3.0
Spellcasting   | |  2.1

Action                   |  1- 3 |  4- 6 || total
-------------------------+-------+-------++-------
Melee: Unarmed           |   137 |    57 ||   194
       Bite              |    26 |    12 ||    38
       Headbutt          |     2 |       ||     2
       Kick              |     5 |       ||     5
 Cast: Beastly Appendage |     4 |       ||     4
Evoke: Deck              |     1 |       ||     1
  Use: Scroll            |     3 |     2 ||     5
       Potion            |       |     2 ||     2
 Stab: Sleeping          |     1 |       ||     1
  Eat: Chunk             |       |     3 ||     3
Armor: Robe              |     6 |       ||     6
       Ring mail         |    46 |    14 ||    60
Dodge: Dodged            |    96 |    30 ||   126
